 Dungeon Crawl Stone Soup version 0.32-a0-711-g016ad743e0 (console) character file.

Game seed: 1115708372935487205

117 jejorda2 the Chopper (level 5, 0/47 HPs)
             Began as a Gnoll Berserker on Mar 16, 2024.
             Was a Believer of Trog.
             Slain by a dart slug (1 damage)
             ... on level 4 of the Dungeon.
             The game lasted 00:03:44 (2124 turns).

jejorda2 the Chopper (Gnoll Berserker)              Turns: 2124, Time: 00:03:46

Health: 0/47       AC:  8    Str: 18    XL:     5   Next: 1%
Magic:  7/7        EV: 10    Int:  7    God:    Trog [**....]
Gold:   94         SH:  0    Dex: 11    Spells: 6/6 levels left

rFire   + . .        a - +0 hand axe
rCold   . . .        (no shield)
rNeg    . . .        h - +0 scale mail
rPois   .            (no helmet)
rElec   .            j - +0 cloak
rCorr   .            (no gloves)
SInv    .            (no boots)
Will    ++...        s - amulet of regeneration Stlth
                     i - ring of protection from fire
HPRegen 2.07/turn    (no ring)
MPRegen 0.10/turn

%: no passive effects
@: strong-willed, on berserk cooldown, regenerating, slowed, very slow
A: fangs 1, strong nose, distributed training
a: Renounce Religion, Berserk, Trog's Hand


You were on level 4 of the Dungeon.
You worshipped Trog.
Trog was pleased with you.
You visited 1 branch of the dungeon, and saw 4 of its levels.

You collected 94 gold pieces.

Inventory:

Hand Weapons
 a - a +0 hand axe (weapon)
 k - a +1 mace of draining
Armour
 h - a +0 scale mail (worn)
 j - a +0 cloak (worn)
Jewellery
 i - a ring of protection from fire (left hand)
 l - a ring of fire
 s - an amulet of regeneration (around neck)
Scrolls
 c - 2 scrolls of amnesia {unknown}
 d - 2 scrolls of revelation {unknown}
 e - 2 scrolls of enchant armour {unknown}
 f - 2 scrolls of fear {unknown}
 g - a scroll of vulnerability {unknown}
 n - a scroll of identify {unknown}
 o - a scroll of fog {unknown}
 q - a scroll of brand weapon {unknown}
Potions
 b - a potion of curing {unknown}
 m - a potion of degeneration {unknown}
 p - 2 potions of heal wounds {unknown}
 r - a potion of brilliance {unknown}
 t - a potion of attraction {unknown}
 u - a potion of invisibility {unknown}


   Skills:
 + Level 6.6 Fighting
 + Level 1.4 Short Blades
 + Level 1.4 Long Blades
 + Level 6.6 Axes
 + Level 1.4 Maces & Flails
 + Level 1.4 Polearms
 + Level 1.4 Staves
 + Level 1.4 Ranged Weapons
 + Level 1.4 Throwing
 + Level 4.7 Armour
 + Level 4.7 Dodging
 + Level 1.4 Stealth
 + Level 1.4 Shields
 + Level 1.4 Unarmed Combat
 + Level 1.4 Spellcasting
 + Level 1.1 Conjurations
 + Level 1.1 Hexes
 + Level 1.1 Summonings
 + Level 1.1 Necromancy
 + Level 1.1 Translocations
 + Level 1.1 Fire Magic
 + Level 1.1 Ice Magic
 + Level 1.1 Air Magic
 + Level 1.1 Earth Magic
 + Level 1.1 Alchemy
 + Level 1.5 Invocations
 + Level 1.4 Evocations
 + Level 1.2 Shapeshifting


You had 6 spell levels left.
You didn't know any spells.
Your spell library was empty.

Dungeon Overview and Level Annotations

Branches:
Dungeon (4/15)
 Temple: D:4-7

Altars:
Ashenzari
Yredelemnul

Shops:
D:2 [

Annotations:
D:4 Edmund


Innate Abilities, Weirdness & Mutations

You have very sharp teeth.
Your uncanny sense of smell can sniff out nearby items.
Your experience applies equally to all skills.


Message History

You hit Edmund.
Edmund is lightly wounded.
Edmund barely misses you.
You slash Edmund!
Edmund is heavily wounded.
You hit Edmund but do no damage.
Edmund is heavily wounded.
Edmund closely misses you.
You slash Edmund!
Edmund is severely wounded.
Edmund barely misses you.
You closely miss Edmund. Your bite misses Edmund.
Edmund is severely wounded.
You slash Edmund!
Edmund is almost dead.
You are no longer berserk.
You are exhausted.
You feel yourself slow down. Edmund misses you.
You barely miss Edmund.
Edmund is almost dead.
Edmund hits you with a +1 dire flail of distortion.
Space warps horribly around you!
You hit Edmund.
Edmund is almost dead.
Edmund hits you but does no damage. Space warps horribly around you!
Edmund completely misses you.
You are too injured to fight recklessly!
You are too injured to fight recklessly!
Press: ? - help, v - describe, . - travel
Here: Edmund, wielding a +1 dire flail of distortion and wearing a +0 chain mail (almost dead)
The floor.
Unknown command.
Unknown command.
You closely miss Edmund.
Edmund is almost dead.
Edmund hits you with a +1 dire flail of distortion.
Space warps horribly around you!!
* * * LOW HITPOINT WARNING * * *
The dart slug bites you.
You die...

..........ß...
.............
..........ß.#
......!.....#
w...........#
#...$.....#
#>........##
#.....@....##
#.....w@.>..###
#...<.........##
#................#
#..................#
#.....!............#
....................
..................##
............!...###
#............####


You could see Edmund and a dart slug.

Vanquished Creatures
  4 adders
  5 dart slugs
  2 ribbon worms (D:2)
  3 orcs (D:3)
  8 bats
  9 endoplasms
  3 giant cockroaches (D:2)
  7 goblins
  6 hobgoblins
  A quokka (D:2)
  4 ball pythons
  2 frilled lizards
  3 kobolds
  3 rats
60 creatures vanquished.

Notes
Turn   | Place    | Note
-------+----------+-------------------------------------------
     0 | D:1      | jejorda2 the Gnoll Berserker began the quest for the Orb.
     0 | D:1      | Reached XP level 1. HP: 23/23 MP: 1/1
   115 | D:1      | Reached XP level 2. HP: 27/29 MP: 2/2
   463 | D:1      | Reached XP level 3. HP: 30/35 MP: 3/3
   635 | D:1      | Reached ** piety under Trog
   636 | D:1      | Reached skill level 1 in Invocations
   864 | D:2      | Identified the +0 ring mail "Vorghey" {Dex+4 Slay-6}
   956 | D:2      | Reached skill level 1 in Short Blades
   956 | D:2      | Reached skill level 1 in Long Blades
   956 | D:2      | Reached skill level 1 in Maces & Flails
   956 | D:2      | Reached skill level 1 in Polearms
   956 | D:2      | Reached skill level 1 in Staves
   956 | D:2      | Reached skill level 1 in Ranged Weapons
   956 | D:2      | Reached skill level 1 in Throwing
   956 | D:2      | Reached skill level 1 in Stealth
   956 | D:2      | Reached skill level 1 in Shields
   956 | D:2      | Reached skill level 1 in Unarmed Combat
   956 | D:2      | Reached skill level 1 in Spellcasting
   956 | D:2      | Reached skill level 1 in Evocations
  1066 | D:2      | Reached skill level 1 in Shapeshifting
  1066 | D:2      | Reached XP level 4. HP: 41/41 MP: 5/5
  1128 | D:2      | Found Nihohoedd's Armour Boutique.
  1266 | D:2      | Reached skill level 1 in Conjurations
  1266 | D:2      | Reached skill level 1 in Hexes
  1266 | D:2      | Reached skill level 1 in Summonings
  1266 | D:2      | Reached skill level 1 in Necromancy
  1266 | D:2      | Reached skill level 1 in Translocations
  1266 | D:2      | Reached skill level 1 in Fire Magic
  1266 | D:2      | Reached skill level 1 in Ice Magic
  1266 | D:2      | Reached skill level 1 in Air Magic
  1266 | D:2      | Reached skill level 1 in Earth Magic
  1266 | D:2      | Reached skill level 1 in Alchemy
  1658 | D:3      | Found a basalt altar of Yredelemnul.
  1981 | D:3      | Reached XP level 5. HP: 47/47 MP: 7/7
  2063 | D:3      | Found a broken altar of Ashenzari.
  2106 | D:4      | Noticed Edmund
  2124 | D:4      | HP: 1/47 [Edmund/+1 dire flail of distortion (19)]
  2124 | D:4      | Slain by a dart slug

Illustrated notes

Levels and vault maps discovered:
D:1:      lemuel_arrival_hallway, layout_loops_ring
D:2:      layout_loops_cross, serial_shops, shop
D:3:      layout_loops_cross, mainiacjoe_overflow_alcove_4,
          mainiacjoe_overflow_24_doors, reono_crystal_passage
D:4:      layout_cave_pods, cheibriados_altar_1, serial_column_ruins,
          column_ruins_hut_water, column_ruins_hut_pillars,
          column_ruins_columns_straight, column_ruins_grid_1,
          column_ruins_grid_1, column_ruins_columns_T, column_ruins_grid_1,
          column_ruins_grid_3, uniq_edmund, uniq_crazy_yiuf_cottage

Skill      XL: |  1  2  3  4 |
---------------+-------------+-----
Invocations    | 1 |  1.5
Short Blades   | 1 |  1.4
Long Blades    | 1 |  1.4
Maces & Flails | 1 |  1.4
Polearms       | 1 |  1.4
Staves         | 1 |  1.4
Ranged Weapons | 1 |  1.4
Throwing       | 1 |  1.4
Stealth        | 1 |  1.4
Shields        | 1 |  1.4
Unarmed Combat | 1 |  1.4
Spellcasting   | 1 |  1.4
Evocations     | 1 |  1.4
Shapeshifting  | 1 |  1.2
Conjurations   | 1 |  1.1
Hexes          | 1 |  1.1
Summonings     | 1 |  1.1
Necromancy     | 1 |  1.1
Translocations | 1 |  1.1
Fire Magic     | 1 |  1.1
Ice Magic      | 1 |  1.1
Air Magic      | 1 |  1.1
Earth Magic    | 1 |  1.1
Alchemy        | 1 |  1.1
Fighting       | |  6.6
Axes           | |  6.6
Armour         | |  4.7
Dodging        | |  4.7

Action                     |  1- 3 |  4- 6 || total
---------------------------+-------+-------++-------
  Melee: Hand axe          |   120 |    70 ||   190
         Bite              |    12 |     4 ||    16
 Invoke: Berserk           |       |     1 ||     1
         Trog's Hand       |       |     1 ||     1
   Stab: Sleeping          |     2 |       ||     2
         Distracted        |     1 |       ||     1
 Armour: Animal skin       |    16 |       ||    16
         Scale mail        |    56 |    36 ||    92
  Dodge: Dodged            |    62 |    34 ||    96

Table legend: (Time is in decaauts)
 A = Elapsed time spent in this place.
 B = Non-inter-level travel time spent in this place.
 C = Inter-level travel time spent in this place.
 D = Time resting spent in this place.
 E = Time spent auto-exploring this place.
 F = Levels seen in this place.
 G = Mean time per level.
                   A        B        C        D        E       F      G
               +--------+--------+--------+--------+--------+-----+--------+
         Total |   2115 |   2010 |    105 |      0 |   1577 |   4 |  528.8 |
       Dungeon |   2115 |   2010 |    105 |      0 |   1577 |   4 |  528.8 |
               +--------+--------+--------+--------+--------+-----+--------+

Top non-repeatable levels by time:
     D:1: 798 daAuts
     D:2: 677 daAuts
     D:3: 625 daAuts
     D:4: 15 daAuts
